 Dungeon Crawl Stone Soup version 0.28.0-53-g5a82cb258f (webtiles) character file.

Game seed: 16927177279547822899

164 nonceun the Chopper (level 5, -8/45 HPs)
             Began as a Minotaur Berserker on Aug 23, 2022.
             Was a Believer of Trog.
             Mangled by Sigmund
             ... wielding a +0 scythe
              (10 damage)
             ... on level 3 of the Dungeon.
             The game lasted 00:07:06 (1983 turns).

nonceun the Chopper (Minotaur Berserker)            Turns: 1983, Time: 00:07:06

Health: -8/45      AC:  6    Str: 23    XL:     5   Next: 21%
Magic:  4/4        EV: 10    Int:  4    God:    Trog [**....]
Gold:   69         SH:  0    Dex: 10    Spells: 4/4 levels left

rFire   . . .      SeeInvis .   a - +0 hand axe
rCold   . . .      Faith    .   (no shield)
rNeg    . . .      Spirit   .   p - +0 scale mail
rPois   .          Reflect  .   (helmet restricted)
rElec   .          Harm     .   (no cloak)
rCorr   .          Rampage  .   (no gloves)
Will    .....                   (no boots)
Stlth   ..........              k - amulet of the acrobat
HPRegen 0.15/turn               (no ring)
MPRegen 0.09/turn               (no ring)

@: on berserk cooldown, slowed, very slow
A: horns 2, retaliatory headbutt
a: Renounce Religion, Berserk, Trog's Hand


You were on level 3 of the Dungeon.
You worshipped Trog.
Trog was pleased with you.
You visited 1 branch of the dungeon, and saw 3 of its levels.

You collected 69 gold pieces.

Inventory:

Hand Weapons
 a - a +0 hand axe (weapon)
Missiles
 f - 18 stones (quivered)
 j - 2 atropa-tipped darts
Armour
 p - a +0 scale mail (worn)
Jewellery
 k - an amulet of the acrobat (around neck)
Scrolls
 g - a scroll of vulnerability {unknown}
 i - a scroll of immolation {unknown}
 l - a scroll of blinking {unknown}
 m - 2 scrolls of identify {unknown}
 o - a scroll of enchant armour {unknown}
Potions
 b - a potion of mutation {unknown}
 c - a potion of berserk rage {unknown}
 d - a potion of flight {unknown}
 h - 2 potions of cancellation {unknown}
 n - a potion of curing {unknown}


   Skills:
 - Level 3.6 Fighting
 * Level 7.2 Axes
 - Level 2.4 Armour
 - Level 2.1 Dodging


You had 4 spell levels left.
You didn't know any spells.
Your spell library contained the following spells:

 Spells                   Type           Power      Damage    Failure   Level
 Beastly Appendage        Tmut           0%         N/A       82%         1
 Freeze                   Ice            0%         1d3       82%         1
 Wereblood                Tmut           0%         N/A       91%         2
 Frozen Ramparts          Ice            0%         1d2       99%         3
 Gell's Gravitas          Tloc           0%         N/A       99%         3
 Lesser Beckoning         Tloc           0%         N/A       99%         3
 Spider Form              Tmut/Pois      0%         N/A       99%         3
 Teleport Other           Tloc           0%         N/A       99%         3
 Hailstorm                Conj/Ice       0%         3d3       100%        4


Dungeon Overview and Level Annotations

Branches:
Dungeon (3/15)

Altars:
Gozag

Annotations:
D:3 Sigmund


Innate Abilities, Weirdness & Mutations

You have a pair of horns on your head.
You reflexively headbutt those who attack you in melee.


Message History

You closely miss something. You completely miss something.
Your headbutt misses something. Something hits you.
You closely miss something. Your headbutt misses something. You miss something.
Something hits you but does no damage.
You closely miss something. You hit something.
You hear some strange, mumbled words.
A puff of flame appears from out of thin air!
The puff of flame hits you!
You miss something. You headbutt something. You closely miss something.
Something hits you but does no damage.
You miss something. Your headbutt misses something.
Your skin stops crawling.
You feel less strong-willed.
You closely miss something. Something hits you!
You barely miss something. You completely miss something.
You are no longer berserk.
You are exhausted.
You feel yourself slow down.
You slash something! You headbutt something. Something hits you!
You barely miss something.
You hear some strange, mumbled words.
You are confused.
You hear some strange, mumbled words.
A magic dart appears from out of thin air!
The magic dart hits you.
You bump into the rock wall.
Something hits you but does no damage.
You bump into the rock wall.
Something hits you but does no damage.
You closely miss something. Something hits you but does no damage.
You closely miss something. Your headbutt misses something. Something hits you.
You feel less confused. Something barely misses you.
Something closely misses you.
You hit something. Your headbutt misses something. Something hits you!
* * * LOW HITPOINT WARNING * * *
You closely miss something. Your headbutt misses something. Something hits you.
* * * LOW HITPOINT WARNING * * *
You hit something. Something hits you!
You die...

###### #....# ###
#....# #... #....# ###
..... #####....# #.)
....$.###.{@.....# ##.#
..........###....###
###..# .$.....####
#......####...##
.....##
#....#..##..#### ....
#.....#......... ...
.................. ..
######....######## .
.#######.........# ##
#.........#......#####.


There were no monsters in sight!

Vanquished Creatures
  A black bear (D:3)
  2 adders
  2 dart slugs
  4 bats
  8 endoplasms
  4 giant cockroaches
  5 hobgoblins
  2 quokkas
  2 ball pythons
  6 frilled lizards
  6 goblins
  2 kobolds (D:1)
  7 rats
51 creatures vanquished.

Notes
Turn   | Place    | Note
-------+----------+-------------------------------------------
     0 | D:1      | nonceun the Minotaur Berserker began the quest for the Orb.
     0 | D:1      | Reached XP level 1. HP: 19/19 MP: 0/0
   103 | D:1      | Reached skill level 4 in Axes
   273 | D:1      | Reached XP level 2. HP: 26/26 MP: 1/1
   286 | D:1      | Found a faded altar of an unknown god.
   516 | D:1      | Reached ** piety under Trog
   729 | D:1      | Reached skill level 5 in Axes
  1154 | D:2      | Reached XP level 3. HP: 30/31 MP: 2/2
  1255 | D:2      | Found an opulent altar of Gozag.
  1687 | D:3      | Reached XP level 4. HP: 39/39 MP: 3/3
  1698 | D:3      | Reached skill level 6 in Axes
  1734 | D:3      | Noticed a black bear
  1751 | D:3      | Killed a black bear
  1752 | D:3      | Reached skill level 7 in Axes
  1752 | D:3      | Reached XP level 5. HP: 45/45 MP: 4/4
  1942 | D:3      | Noticed Sigmund
  1982 | D:3      | HP: 2/45 [something (1)]
  1983 | D:3      | Mangled by Sigmund

Illustrated notes

Levels and vault maps discovered:
D:1:      dpeg_arrival_arbitrary_c, layout_basic,
          shapermc_ecumenical_altar_totnotflames
D:2:      layout_rooms, basic_altar
D:3:      layout_rooms, uniq_sigmund

Skill      XL: |  1  2  3  4 |
---------------+-------------+-----
Axes           | 4 5 7 |  7.2
Fighting       | |  3.6
Armour         | |  2.4
Dodging        | |  2.1

Action                   |  1- 3 |  4- 6 || total
-------------------------+-------+-------++-------
Melee: Hand axe          |    89 |    35 ||   124
       Headbutt          |     9 |     3 ||    12
Throw: Dart              |       |     2 ||     2
Invok: Berserk           |       |     2 ||     2
       Trog's Hand       |       |     2 ||     2
Armor: Ring mail         |    28 |       ||    28
       Scale mail        |     1 |     7 ||     8
Dodge: Dodged            |    30 |     8 ||    38
